 Dungeon Crawl Stone Soup version 0.23-a0-586-gacb4b3f (webtiles) character file.

3 Firecrotchwizard the Caller (level 1, 0/10 HPs)
             Began as a Deep Elf Summoner on Dec 20, 2018.
             Slain by a jackal (2 damage)
             ... on level 1 of the Dungeon.
             The game lasted 00:00:49 (397 turns).

Firecrotchwizard the Caller (Deep Elf Summoner)      Turns: 397, Time: 00:00:49

Health: 0/10       AC:  2    Str:  5    XL:     1   Next: 41%
Magic:  5/6        EV: 13    Int: 19    God:
Gold:   11         SH:  0    Dex: 15    Spells: 5/6 levels left

rFire    . . .     SeeInvis .   i - +0 spear
rCold    . . .     Gourm    .   (no shield)
rNeg     . . .     Faith    .   a - +0 robe
rPois    .         Spirit   .   (no helmet)
rElec    .         Reflect  .   (no cloak)
rCorr    .         Harm     .   (no gloves)
MR       .....                  (no boots)
Stlth    ++........             (no amulet)
HPRegen  0.03/turn              (no ring)
MPRegen  0.10/turn              (no ring)

@: no status effects
A: no striking features
a: no special abilities


You were on level 1 of the Dungeon.
You were not hungry.

You visited 1 branch of the dungeon, and saw 1 of its levels.

You collected 11 gold pieces.

Inventory:

Hand Weapons
 g - a +0 mace
   (You found it on level 1 of the Dungeon)
 i - a +0 spear (weapon)
   (You found it on level 1 of the Dungeon)
Armour
 a - a +0 robe (worn)
Jewellery
 d - a cursed ring of attention {unknown}
   (You found it on level 1 of the Dungeon)
Scrolls
 b - 2 scrolls of blinking {unknown}
Potions
 e - a potion of heal wounds {unknown}
 h - a potion of flight {unknown}
Comestibles
 c - 2 rations


   Skills:
 - Level 2.4 Dodging
 + Level 2.6 Stealth
 - Level 3.0 Spellcasting
 * Level 4.5 Summonings


You had 5 spell levels left.
You knew the following spells:

 Your Spells              Type           Power        Failure   Level  Hunger
a - Summon Small Mammal   Summ           ###.         2%          1    None

Your spell library contained the following spells:

 Spells                   Type           Power        Failure   Level  Hunger
 Call Imp                 Summ           ###.....     3%          2    ##.....
 Call Canine Familiar     Summ           ###.....     7%          3    ###....
 Summon Guardian Golem    Hex/Summ       ##......     19%         3    ###....
 Summon Ice Beast         Ice/Summ       ##......     52%         4    ####...
 Summon Lightning Spire   Summ/Air       ##......     52%         4    ####...


Dungeon Overview and Level Annotations

Branches:
Dungeon (1/15)

Altars:
Cheibriados


Message History

You take 1 damage, and have 9/10 hp.
You hit the frilled lizard. The frilled lizard barely misses you.
You hit the frilled lizard.
You kill the frilled lizard!
No target in view!
You butcher the frilled lizard corpse.
f - a chunk of flesh {@w0} You see here a frilled lizard skeleton. x2
e - a fuming brown potion MP restored: 6 You swap places.
g - a mace
There are no items here.
g - a +0 mace (weapon)
A ball python comes into view.
Health restored: 10 The helpless ball python fails to defend itself.
You thump the ball python!
You kill the ball python!
No target in view!
Your rat disappears in a puff of smoke!
A kobold comes into view.
No target in view!
No target in view!
The kobold is too close now for your liking.
The kobold shouts!
The kobold barely misses you.
Found a stone staircase leading down.
You closely miss the kobold. The kobold closely misses you.
The kobold completely misses you.
You hit the kobold. The kobold misses you.
You hit the kobold. The kobold misses you. The kobold closely misses you.
You barely miss the kobold. The kobold hits you but does no damage.
You closely miss the kobold. The kobold barely misses you.
You hit the kobold but do no damage. The kobold misses you.
The kobold closely misses you.
You hit the kobold.
You kill the kobold!
No target in view!
No target in view!
You see here a kobold corpse.
h - a dark potion
c - 2 rations (gained 1)
Found a snail-covered altar of Cheibriados.
A frilled lizard comes into view.
You see here a spear.
i - a spear
i - a +0 spear (weapon)
The frilled lizard is too close now for your liking.
You miss the frilled lizard. The frilled lizard closely misses you.
You barely miss the frilled lizard.
The frilled lizard completely misses you.
You hit the frilled lizard but do no damage.
The frilled lizard bites you but does no damage.
You closely miss the frilled lizard. The frilled lizard bites you.
You take 1 damage, and have 9/10 hp.
You closely miss the frilled lizard. The frilled lizard misses you.
You miss the frilled lizard.
The frilled lizard bites you but does no damage.
You hit the frilled lizard.
You kill the frilled lizard!
No target in view!
You now have 11 gold pieces.
All of the chunks of flesh in your inventory have rotted away.
A jackal comes into view.
The jackal moves out of view.
Health restored: 10 The jackal is too close now for your liking.
Attack whom?
Aim: a jackal You reach to attack!
You hit the jackal. You barely miss the jackal. The jackal bites you.
The jackal closely misses you.
You take 2 damage, and have 8/10 hp.
You barely miss the jackal. The jackal closely misses you.
You hit the jackal but do no damage.
The jackal bites you but does no damage.
The jackal closely misses you.
You barely miss the jackal.
The jackal bites you but does no damage.
The jackal bites you.
You take 1 damage, and have 7/10 hp.
You now have 5/6 mp.
You hit the jackal but do no damage.
Your bat closely misses the jackal.
The jackal bites you.
Your bat closely misses the jackal.
The jackal misses you.
Your bat closely misses the jackal.
You take 2 damage, and have 5/10 hp.
You are too injured to fight recklessly!
You are too injured to fight recklessly!
You are too injured to fight recklessly!
You are too injured to fight recklessly!
You hit the jackal.
Your bat closely misses the jackal. x2
The jackal bites you.
Your bat hits the jackal. You barely miss the jackal.
Your bat hits the jackal but does no damage.
The jackal bites you. x2
* * * LOW HITPOINT WARNING * * *
You take 3 damage, and have 2/10 hp.
MASSIVE DAMAGE!!
You miss the jackal. Your bat hits the jackal. The jackal bites you.
You die...

.. ......... ... ..
.........
..#..#.####.###....#
....................
...#............... ..
#.#.##...#...####. ....
#................รท
.....##b#....###.##.....
......h@.......#.##.....
......#.................
..... #.#.##.......#####
......#.#.#..#####^.###.
......#.#...#.....#..##.
........#..#.......#..#.
... .
#.......#....<....#...
...
#........#.......#..#.
....
#....#....#.....#..##.


You could see a jackal and a friendly bat.

Vanquished Creatures
  A ball python (D:1)
  2 frilled lizards (D:1)
  A kobold (D:1)
4 creatures vanquished.

Vanquished Creatures (collateral kills)
  A kobold (D:1)
1 creature vanquished.

Grand Total: 5 creatures vanquished

Notes
Turn   | Place    | Note
-------+----------+-------------------------------------------
     0 | D:1      | Firecrotchwizard the Deep Elf Summoner began the quest for
                  | the Orb.
     0 | D:1      | Reached XP level 1. HP: 10/10 MP: 6/6
   219 | D:1      | Found a snail-covered altar of Cheibriados.
   396 | D:1      | HP: 2/10 [jackal (2)]
   397 | D:1      | Slain by a jackal

Vault maps used:
D:1:      scummos_arrival_hexagon, cheibriados_altar_1

Action                   || total
-------------------------++-------
Melee: Spear             ||    16
       Mace              ||     8
       Unarmed           ||     6
 Cast: Summon Small Mamm ||     3
 Stab: Sleeping          ||     1
Armor: Robe              ||     6
Dodge: Dodged            ||    18

Table legend:
 A = Non-vault XP
 B = Vault XP
 C = Vault XP percentage of total XP
 D = Non-vault monster count
 E = Vault monster count
 F = Vault count percentage of total count
                 A         B        C        D         E       F
            +---------+---------+-------+---------+---------+-------
      Total |       5 |       0 |   0.0 |       5 |       0 |   0.0
            +---------+---------+-------+---------+---------+-------
        D:1 |       5 |       0 |   0.0 |       5 |       0 |   0.0
            +---------+---------+-------+---------+---------+-------

Vault maps used:
D:1:      scummos_arrival_hexagon, cheibriados_altar_1

Table legend:
 A = Turns spent in this place as a percentage of turns spent in the entire game.
 B = Non-inter-level travel turns spent in this place as a percentage of non-inter-level travel turns spent in the entire game.
 C = Inter-level travel turns spent in this place as a percentage of turns spent in this place.
 D = Turns resting spent in this place as a percentage of non-inter-level travel turns spent in this place.
 E = Turns spent auto-exploring this place as a percentage of non-inter-level travel turns spent in this place.
 F = Non-inter-level travel turns spent in this place divided by the number of levels of this place that you've seen.
                   A       B       C       D       E      F
               +-------+-------+-------+-------+-------+----------------------
         Total | 100.0 | 100.0 |   0.0 |   0.0 |  81.4 | 397.0
       Dungeon | 100.0 | 100.0 |   0.0 |   0.0 |  81.4 | 397.0
               +-------+-------+-------+-------+-------+----------------------

Table legend:
 A = Kills in this place as a percentage of kills in entire the game.
 B = Kills by you in this place as a percentage of kills by you in the entire game.
 C = Kills by friends in this place as a percentage of kills by friends in the entire game.
 D = Other kills in this place as a percentage of other kills in the entire game.
 E = Experience gained in this place as a percentage of experience gained in the entire game.
 F = Experience gained in this place divided by the number of levels of this place that you have seen.
                   A       B       C       D       E      F
               +-------+-------+-------+-------+-------+----------------------
         Total | 100.0 | 100.0 | 100.0 |   N/A | 100.0 |   5.0
       Dungeon | 100.0 | 100.0 | 100.0 |   N/A | 100.0 |   5.0
               +-------+-------+-------+-------+-------+----------------------
